[Event "45th FIDE Womens Olympiad 2024"]
[Site "Budapest"]
[Date "2024.09.13"]
[Round "3.55"]
[White "Cramling Bellon, Anna"]
[Black "Hejazipour, Mitra"]
[Result "0-1"]
[ECO "E36"]
[WhiteElo "2066"]
[BlackElo "2327"]
[Annotator "RC"]
[PlyCount "76"]
[EventDate "2024.09.05"]
[EventType "team-tourn"]
[EventCountry "HUN"]
[SourceTitle "playchess.com"]
[Source "ChessBase"]
[SourceQuality "1"]
[WhiteTeam "Sweden"]
[BlackTeam "France"]
[WhiteTeamCountry "SWE"]
[BlackTeamCountry "FRA"]
[TimeControl "40/5400+30:1800+30"]

1. d4 Nf6 2. c4 e6 3. Nc3 Bb4 4. Qc2 d5 5. a3 Bxc3+ 6. Qxc3 O-O 7. e3 b6 8. Nf3 Ba6 9. b4 c5 10. dxc5 Ne4 11. Qc2 bxc5 12. Bd3 Nd7 13. O-O cxb4 14. axb4 Bxc4 15. Bxc4 Rc8 16. Rxa7 Nb6 17. Bb2 Nxc4 18. Qe2 Qd6 19. Nd4 Ra8 20. Rfa1 Rxa7 21. Rxa7 Qxb4 22. Nxe6 Rb8 23. f3 Qxb2 24. Qxb2 Nxb2 25. Nf4 Nd3 26. Ra1 Nxf4 27. fxe4 Ne2+ 28. Kf2 Nc3 29. exd5 Nxd5 30. Ra5 Nf6 31. Kf3 h5 32. h3 Rb4 33. g3 Kh7 34. Ra6 Ne4 35. Ra5 Kg6 36. Re5 Ng5+ 37. Kg2 Rb2+ 38. Kh1 Nf3 0-1

[Event "45th FIDE Womens Olympiad 2024"]
[Site "Budapest"]
[Date "2024.09.13"]
[Round "3.56"]
[White "Benmesbah, Natacha"]
[Black "Zaritovskaja, Margarita"]
[Result "1-0"]
[ECO "B90"]
[WhiteElo "2258"]
[BlackElo "2009"]
[Annotator "RC"]
[PlyCount "77"]
[EventDate "2024.09.05"]
[EventType "team-tourn"]
[EventCountry "HUN"]
[SourceTitle "playchess.com"]
[Source "ChessBase"]
[SourceQuality "1"]
[WhiteTeam "France"]
[BlackTeam "Sweden"]
[WhiteTeamCountry "FRA"]
[BlackTeamCountry "SWE"]
[TimeControl "40/5400+30:1800+30"]

1. e4 c5 2. Nf3 d6 3. d4 cxd4 4. Nxd4 Nf6 5. Nc3 a6 6. f3 e5 7. Nb3 Be6 8. Be3 Be7 9. g4 Nfd7 10. Qd2 b5 11. O-O-O Nb6 12. Nd5 Bxd5 13. exd5 Qc7 14. Na5 N8d7 15. Nc6 Rc8 16. Kb1 Nxd5 17. Nxe7 Nxe7 18. Qxd6 Qxc2+ 19. Ka1 Qc6 20. Bh3 Rd8 21. g5 Qxd6 22. Rxd6 Nc8 23. Rxa6 O-O 24. a3 Nb8 25. Ra8 Nd6 26. Bb6 Rde8 27. Bc5 Rd8 28. Rxb8 Rxb8 29. Bxd6 Rbd8 30. Bxf8 Kxf8 31. Bf5 g6 32. Be4 Rd2 33. h4 Rd4 34. Ka2 Ke7 35. Kb3 Kd7 36. Rh2 Ke6 37. Rc2 Kd6 38. Rc6+ Kd7 39. Rc5 1-0

[Event "45th FIDE Womens Olympiad 2024"]
[Site "Budapest"]
[Date "2024.09.13"]
[Round "3.57"]
[White "Dolgova, Olga"]
[Black "Yao, Lan"]
[Result "0-1"]
[ECO "D02"]
[WhiteElo "2171"]
[BlackElo "2353"]
[Annotator "RC"]
[PlyCount "136"]
[EventDate "2024.09.05"]
[EventType "team-tourn"]
[EventCountry "HUN"]
[SourceTitle "playchess.com"]
[Source "ChessBase"]
[SourceQuality "1"]
[WhiteTeam "Norway"]
[BlackTeam "England"]
[WhiteTeamCountry "NOR"]
[BlackTeamCountry "ENG"]
[TimeControl "40/5400+30:1800+30"]

1. d4 Nf6 2. Bf4 d5 3. e3 c5 4. Nf3 Nc6 5. Nbd2 Bg4 6. c3 e6 7. Be2 Be7 8. h3 Bh5 9. O-O O-O 10. Ne5 Bxe2 11. Qxe2 Nd7 12. Nxd7 Qxd7 13. Nf3 f6 14. Bg3 Rfe8 15. Rfd1 c4 16. e4 b5 17. Re1 Bf8 18. Qc2 b4 19. Re2 a5 20. exd5 exd5 21. Rxe8 Rxe8 22. Re1 Ra8 23. Qa4 Ra7 24. Nd2 Rb7 25. Bf4 Ne5 26. Qxd7 Nxd7 27. Rb1 Nb6 28. cxb4 axb4 29. Nf1 Ra7 30. Ra1 b3 31. a3 c3 32. bxc3 Rxa3 33. Rb1 Na4 34. Bc1 b2 35. Bxb2 Rb3 36. Ra1 Nxb2 37. Rb1 Ba3 38. Ne3 Rxc3 39. Nxd5 Rd3 40. Ne3 Na4 41. Nf5 Nc3 42. Rb8+ Bf8 43. Rd8 Kf7 44. Ng3 Rd2 45. Rd7+ Ke6 46. Rd8 Be7 47. Rh8 h6 48. Nh5 Kf7 49. Rc8 Ne2+ 50. Kh2 Nxd4 51. Kg1 g6 52. Ng3 Ne2+ 53. Nxe2 Rxe2 54. Kf1 Ra2 55. Rc6 h5 56. g3 Bb4 57. Rc4 Bd6 58. Kg2 Ke6 59. Rc3 Rd2 60. Re3+ Be5 61. Kf1 Kd5 62. Rf3 Bd4 63. h4 Ke5 64. Kg2 g5 65. hxg5 fxg5 66. Rf8 Rxf2+ 67. Rxf2 Bxf2 68. Kxf2 Ke4 0-1

[Event "45th FIDE Womens Olympiad 2024"]
[Site "Budapest"]
[Date "2024.09.13"]
[Round "3.58"]
[White "Houska, Jovanka"]
[Black "Koskela, Niina"]
[Result "1-0"]
[ECO "A17"]
[WhiteElo "2333"]
[BlackElo "2173"]
[Annotator "RC"]
[PlyCount "91"]
[EventDate "2024.09.05"]
[EventType "team-tourn"]
[EventCountry "HUN"]
[SourceTitle "playchess.com"]
[Source "ChessBase"]
[SourceQuality "1"]
[WhiteTeam "England"]
[BlackTeam "Norway"]
[WhiteTeamCountry "ENG"]
[BlackTeamCountry "NOR"]
[TimeControl "40/5400+30:1800+30"]

1. Nf3 Nf6 2. c4 e6 3. Nc3 Bb4 4. Qc2 Bxc3 5. Qxc3 b6 6. g3 Bb7 7. Bg2 d6 8. b4 Nbd7 9. O-O O-O 10. Bb2 Qe7 11. d3 Rfe8 12. e4 Nf8 13. a4 a5 14. b5 e5 15. Nh4 Ne6 16. Nf5 Qd8 17. f4 Nd7 18. Rf2 f6 19. Raf1 g6 20. Ne3 Rf8 21. Bh3 Qe7 22. Qc2 Ndc5 23. Nd5 Bxd5 24. cxd5 Ng7 25. Re2 Rae8 26. Bg2 Qd7 27. d4 exd4 28. Bxd4 Rf7 29. h3 Ref8 30. Kh2 Ne8 31. h4 Ng7 32. Rfe1 Qd8 33. Qc4 Nb7 34. Bh3 Nc5 35. Bg2 Nb7 36. Ba1 Ne8 37. Bh3 Ng7 38. Be6 Nxe6 39. dxe6 Re7 40. Qd5 Nc5 41. f5 h6 42. g4 g5 43. hxg5 hxg5 44. Kg3 Kg7 45. Rh1 Rh8 46. Bxf6+ 1-0

[Event "45th FIDE Womens Olympiad 2024"]
[Site "Budapest"]
[Date "2024.09.13"]
[Round "3.59"]
[White "Ni, Viktorija"]
[Black "Hunt, Harriet V"]
[Result "0-1"]
[ECO "E45"]
[WhiteElo "2163"]
[BlackElo "2304"]
[Annotator "RC"]
[PlyCount "96"]
[EventDate "2024.09.05"]
[EventType "team-tourn"]
[EventCountry "HUN"]
[SourceTitle "playchess.com"]
[Source "ChessBase"]
[SourceQuality "1"]
[WhiteTeam "Norway"]
[BlackTeam "England"]
[WhiteTeamCountry "NOR"]
[BlackTeamCountry "ENG"]
[TimeControl "40/5400+30:1800+30"]

1. d4 Nf6 2. c4 e6 3. Nc3 Bb4 4. e3 b6 5. Nge2 Ba6 6. a3 Bxc3+ 7. Nxc3 d5 8. Qa4+ c6 9. Be2 O-O 10. O-O dxc4 11. Rd1 b5 12. Qc2 Nd5 13. e4 Nxc3 14. bxc3 Bb7 15. a4 f5 16. Bf3 Qc7 17. Ba3 Rf7 18. exf5 exf5 19. d5 Nd7 20. dxc6 Bxc6 21. Bxc6 Qxc6 22. Rd6 Qb7 23. Rad1 Re8 24. h3 g6 25. Qd2 Nf8 26. Qh6 bxa4 27. Rd8 Qe4 28. R1d4 Qe6 29. Kh2 f4 30. R4d6 Qe5 31. Rd5 Qe6 32. R5d6 Rxd8 33. Rxd8 Qf6 34. Rc8 f3 35. g3 Qf5 36. Rxc4 Qc2 37. Qe3 Qb3 38. Qc5 Rf5 39. Qb4 Qc2 40. Qb2 Qd1 41. Rf4 Qf1 42. Qa2+ Kh8 43. Rxf3 Rxf3 44. Bc5 h5 45. Qb2 Qc4 46. Bd4+ Kg8 47. Qb7 Qf7 48. Qb8 Rxf2+ 0-1

[Event "45th FIDE Womens Olympiad 2024"]
[Site "Budapest"]
[Date "2024.09.13"]
[Round "3.60"]
[White "Toma, Katarzyna"]
[Black "Machlik, Monika"]
[Result "1-0"]
[ECO "B13"]
[WhiteElo "2184"]
[BlackElo "2109"]
[Annotator "RC"]
[PlyCount "71"]
[EventDate "2024.09.05"]
[EventType "team-tourn"]
[EventCountry "HUN"]
[SourceTitle "playchess.com"]
[Source "ChessBase"]
[SourceQuality "1"]
[WhiteTeam "England"]
[BlackTeam "Norway"]
[WhiteTeamCountry "ENG"]
[BlackTeamCountry "NOR"]
[TimeControl "40/5400+30:1800+30"]

1. e4 c6 2. d4 d5 3. exd5 cxd5 4. Bd3 Nc6 5. c3 e6 6. Bf4 Nge7 7. Nf3 f6 8. Qe2 Ng6 9. Bg3 Bd6 10. Nbd2 Nf4 11. Bxf4 Bxf4 12. g3 Bd6 13. Nh4 g6 14. f4 O-O 15. Qg2 Kg7 16. O-O-O Qa5 17. Kb1 b5 18. Nhf3 Qb6 19. h4 e5 20. fxe5 fxe5 21. h5 e4 22. hxg6 Rh8 23. Ng5 Bg4 24. Rdf1 Raf8 25. Rxf8 Bxf8 26. Nf7 h6 27. Nxh8 Kxh8 28. Nxe4 Nxd4 29. Ng5 Qf6 30. Nf7+ Kg7 31. cxd4 Bf3 32. Qh2 Qxd4 33. Qxh6+ Kf6 34. Qh8+ Bg7 35. Qd8+ Ke6 36. Qd6# 1-0

[Event "45th FIDE Womens Olympiad 2024"]
[Site "Budapest"]
[Date "2024.09.13"]
[Round "3.61"]
[White "Atalik, Ekaterina"]
[Black "Alinasab, Mobina"]
[Result "0-1"]
[ECO "E26"]
[WhiteElo "2381"]
[BlackElo "2336"]
[Annotator "RC"]
[PlyCount "84"]
[EventDate "2024.09.05"]
[EventType "team-tourn"]
[EventCountry "HUN"]
[SourceTitle "playchess.com"]
[Source "ChessBase"]
[SourceQuality "1"]
[WhiteTeam "Turkiye"]
[BlackTeam "Iran"]
[BlackTeamCountry "IRI"]
[TimeControl "40/5400+30:1800+30"]

1. d4 Nf6 2. c4 e6 3. Nc3 Bb4 4. a3 Bxc3+ 5. bxc3 d6 6. e3 c5 7. Bd3 Nc6 8. Nf3 e5 9. Nd2 exd4 10. cxd4 cxd4 11. exd4 Qe7+ 12. Kf1 Nxd4 13. Bb2 Ne6 14. Qf3 Nc5 15. Re1 Be6 16. Bc2 O-O-O 17. Qg3 Nh5 18. Qf3 Qh4 19. g3 Qh3+ 20. Kg1 Rhe8 21. Re3 Nf6 22. Bxf6 gxf6 23. Qxf6 d5 24. Nf3 Ne4 25. Qf4 f5 26. Nd4 dxc4 27. Nb5 Rd7 28. f3 a6 29. Na7+ Kd8 30. fxe4 Rd2 31. Rd3+ Rxd3 32. Bxd3 cxd3 33. Kf2 fxe4 34. Qd6+ Bd7 35. Rc1 Qxh2+ 36. Ke3 Qe2+ 37. Kd4 Qf2+ 38. Kd5 Qf7+ 39. Kd4 Qf2+ 40. Kd5 Qf5+ 41. Kd4 Qe5+ 42. Qxe5 Rxe5 0-1

[Event "45th FIDE Womens Olympiad 2024"]
[Site "Budapest"]
[Date "2024.09.13"]
[Round "3.62"]
[White "Azali, Tannaz"]
[Black "Yildiz Kadioglu, Betul Cemre"]
[Result "0-1"]
[ECO "D30"]
[WhiteElo "2125"]
[BlackElo "2314"]
[Annotator "RC"]
[PlyCount "72"]
[EventDate "2024.09.05"]
[EventType "team-tourn"]
[EventCountry "HUN"]
[SourceTitle "playchess.com"]
[Source "ChessBase"]
[SourceQuality "1"]
[WhiteTeam "Iran"]
[BlackTeam "Turkiye"]
[WhiteTeamCountry "IRI"]
[BlackTeamCountry "TUR"]
[TimeControl "40/5400+30:1800+30"]

1. d4 d5 2. c4 c6 3. Nf3 Nf6 4. Nbd2 e6 5. Qc2 Nbd7 6. e4 dxe4 7. Nxe4 Bb4+ 8. Bd2 Bxd2+ 9. Nfxd2 O-O 10. Bd3 h6 11. O-O-O e5 12. dxe5 Nxe5 13. Be2 Bf5 14. f3 Nxe4 15. fxe4 Bg6 16. Qc3 Qe7 17. g4 c5 18. h4 Nc6 19. Bd3 Qe5 20. Qa3 Rad8 21. Bc2 Nb4 22. Bb1 Rd4 23. Qe3 Rfd8 24. h5 Bh7 25. Rhf1 Rd3 26. Nf3 Rxd1+ 27. Rxd1 Rxd1+ 28. Kxd1 Qxb2 29. Nd2 Qe5 30. Qa3 Nc6 31. Qb3 b6 32. Qa4 Qe6 33. Kc1 g5 34. hxg6 Bxg6 35. Bd3 Nb4 36. Be2 Qe5 0-1

[Event "45th FIDE Womens Olympiad 2024"]
[Site "Budapest"]
[Date "2024.09.13"]
[Round "3.63"]
[White "Ozturk Orenli, Kubra"]
[Black "Karimi, Setayesh"]
[Result "1/2-1/2"]
[ECO "D82"]
[WhiteElo "2262"]
[BlackElo "2105"]
[Annotator "RC"]
[PlyCount "63"]
[EventDate "2024.09.05"]
[EventType "team-tourn"]
[EventCountry "HUN"]
[SourceTitle "playchess.com"]
[Source "ChessBase"]
[SourceQuality "1"]
[WhiteTeam "Turkiye"]
[BlackTeam "Iran"]
[WhiteTeamCountry "TUR"]
[BlackTeamCountry "IRI"]
[TimeControl "40/5400+30:1800+30"]

1. d4 Nf6 2. c4 g6 3. Nc3 d5 4. Bf4 Bg7 5. e3 c5 6. dxc5 Qa5 7. Rc1 dxc4 8. Bxc4 O-O 9. Nge2 Qxc5 10. Qb3 Qa5 11. O-O Na6 12. Rfd1 Nc5 13. Qb5 Qxb5 14. Nxb5 Be6 15. Bxe6 Nxe6 16. Be5 a6 17. Nbd4 Nxd4 18. Nxd4 Rac8 19. Kf1 Rfd8 20. Ke2 Nd5 21. Nf3 e6 22. Bxg7 Kxg7 23. g3 Kf6 24. e4 Nb6 25. Rxc8 Rxc8 26. b3 Rc2+ 27. Rd2 Rxd2+ 28. Kxd2 e5 29. Kd3 h6 30. Nd2 Ke6 31. a4 f5 32. f3 1/2-1/2

[Event "45th FIDE Womens Olympiad 2024"]
[Site "Budapest"]
[Date "2024.09.13"]
[Round "3.64"]
[White "Behzad Nazif, Parva"]
[Black "Isgenderova, Hayale"]
[Result "0-1"]
[ECO "E17"]
[WhiteElo "2092"]
[BlackElo "2124"]
[Annotator "NA RC"]
[PlyCount "76"]
[EventDate "2024.09.05"]
[EventType "team-tourn"]
[EventCountry "HUN"]
[SourceTitle "playchess.com"]
[Source "ChessBase"]
[SourceQuality "1"]
[WhiteTeam "Iran"]
[BlackTeam "Turkiye"]
[WhiteTeamCountry "IRI"]
[BlackTeamCountry "TUR"]
[TimeControl "40/5400+30:1800+30"]

1. d4 e6 2. Nf3 Nf6 3. g3 b6 4. Bg2 Bb7 5. O-O Be7 6. c4 O-O 7. d5 exd5 8. Nh4 Ng4 9. Nf5 Bc5 10. cxd5 Qf6 11. e4 Ne5 12. h4 h6 13. Bd2 Ba6 14. Bc3 Bxf1 15. Kxf1 Bxf2 16. Kxf2 g6 17. Bxe5 Qxe5 18. Qd4 f6 19. Nxh6+ Kg7 20. Qd2 Qh5 21. Ng4 Qxg4 22. Bf3 Qh3 23. Bg2 Qh2 24. Nc3 f5 25. Ne2 fxe4+ 26. Nf4 g5 27. hxg5 Qh5 28. Qd4+ Kg8 29. d6 Nc6 30. Qd5+ Qf7 31. Qxe4 Rae8 32. g6 Qf6 33. Qc4+ Kg7 34. Rb1 Qxg6 35. Rh1 Qxd6 36. Qc2 Qd4+ 37. Kf1 Rxf4+ 38. gxf4 Qxf4+ 0-1

[Event "45th FIDE Womens Olympiad 2024"]
[Site "Budapest"]
[Date "2024.09.13"]
[Round "3.65"]
[White "Narva, Mai"]
[Black "Roebers, Eline"]
[Result "1-0"]
[ECO "E81"]
[WhiteElo "2420"]
[BlackElo "2340"]
[Annotator "RC"]
[PlyCount "57"]
[EventDate "2024.09.05"]
[EventType "team-tourn"]
[EventCountry "HUN"]
[SourceTitle "playchess.com"]
[Source "ChessBase"]
[SourceQuality "1"]
[WhiteTeam "Estonia"]
[BlackTeam "Netherlands"]
[WhiteTeamCountry "EST"]
[BlackTeamCountry "NED"]
[TimeControl "40/5400+30:1800+30"]

1. d4 Nf6 2. c4 g6 3. Nc3 Bg7 4. e4 d6 5. f3 O-O 6. Nge2 a6 7. Be3 Nbd7 8. Qd2 b5 9. h4 c5 10. h5 Qa5 11. Bh6 e5 12. Bxg7 Kxg7 13. dxc5 Nxc5 14. Qxd6 Ncd7 15. hxg6 fxg6 16. Nc1 bxc4 17. Bxc4 Rb8 18. Nd3 Re8 19. O-O Qb6+ 20. Qxb6 Nxb6 21. Bb3 h5 22. Rad1 a5 23. Nc5 Re7 24. Rd8 Nfd7 25. Ne6+ Kh7 26. Rd1 Bb7 27. Rxb8 Nxb8 28. Nf8+ Kg7 29. Nxg6 1-0

[Event "45th FIDE Womens Olympiad 2024"]
[Site "Budapest"]
[Date "2024.09.13"]
[Round "3.66"]
[White "Peng, Zhaoqin"]
[Black "Olde, Margareth"]
[Result "1/2-1/2"]
[ECO "D36"]
[WhiteElo "2349"]
[BlackElo "2135"]
[Annotator "RC"]
[PlyCount "92"]
[EventDate "2024.09.05"]
[EventType "team-tourn"]
[EventCountry "HUN"]
[SourceTitle "playchess.com"]
[Source "ChessBase"]
[SourceQuality "1"]
[WhiteTeam "Netherlands"]
[BlackTeam "Estonia"]
[WhiteTeamCountry "NED"]
[BlackTeamCountry "EST"]
[TimeControl "40/5400+30:1800+30"]

1. d4 d5 2. c4 e6 3. Nf3 a6 4. cxd5 exd5 5. Nc3 c6 6. Qc2 Nf6 7. Bg5 Be7 8. e3 h6 9. Bh4 O-O 10. Bd3 Nbd7 11. O-O Re8 12. Rab1 Ne4 13. Bxe4 Bxh4 14. Bh7+ Kh8 15. Bd3 Bf6 16. b4 Nb6 17. a4 Bg4 18. Nd2 Qd6 19. a5 Nc8 20. Nb3 Qe7 21. Nc5 Nd6 22. h3 Bc8 23. Rbe1 g6 24. e4 Bxd4 25. exd5 Qxe1 26. Rxe1 Rxe1+ 27. Kh2 Re7 28. N3e4 Nxe4 29. Bxe4 cxd5 30. Bxd5 Bf5 31. Qd2 Bxc5 32. Qxh6+ Kg8 33. bxc5 Rc8 34. c6 bxc6 35. Bc4 c5 36. Qd2 Be6 37. Bxa6 Ra8 38. Bb5 c4 39. a6 Rc7 40. Qa5 Rcc8 41. Qc3 Rc5 42. Qb4 Rc7 43. Qc3 Rc5 44. Qb4 Rcc8 45. Qc3 Rc5 46. Qb4 Rcc8 1/2-1/2

[Event "45th FIDE Womens Olympiad 2024"]
[Site "Budapest"]
[Date "2024.09.13"]
[Round "3.67"]
[White "Blokhin, Sofia"]
[Black "Van Foreest, Machteld"]
[Result "0-1"]
[ECO "D46"]
[WhiteElo "2036"]
[BlackElo "2224"]
[Annotator "RC"]
[PlyCount "142"]
[EventDate "2024.09.05"]
[EventType "team-tourn"]
[EventCountry "HUN"]
[SourceTitle "playchess.com"]
[Source "ChessBase"]
[SourceQuality "1"]
[WhiteTeam "Estonia"]
[BlackTeam "Netherlands"]
[WhiteTeamCountry "EST"]
[BlackTeamCountry "NED"]
[TimeControl "40/5400+30:1800+30"]

1. d4 d5 2. c4 e6 3. Nc3 Nf6 4. Nf3 c6 5. e3 Nbd7 6. Bd3 Bd6 7. e4 dxc4 8. Bxc4 b5 9. Bd3 e5 10. dxe5 Nxe5 11. Nxe5 Bxe5 12. h3 O-O 13. O-O Re8 14. Be3 Bb7 15. Qc2 Nh5 16. f4 Bd4 17. Bxd4 Qxd4+ 18. Kh2 Qf6 19. Ne2 g6 20. e5 Qe7 21. g4 Ng7 22. Ng3 Ne6 23. Qf2 Red8 24. Rad1 c5 25. Be4 Rd4 26. Bxb7 Qxb7 27. Rxd4 Nxd4 28. b4 Qd5 29. bxc5 Rc8 30. Ne2 Nxe2 31. Qxe2 Rxc5 32. Rd1 Qc6 33. Rd8+ Kg7 34. f5 gxf5 35. gxf5 Rc2 36. f6+ Kg6 37. Rd2 Rxd2 38. Qxd2 Qe4 39. Qb2 Kf5 40. Qf2+ Ke6 41. Qxa7 Qxe5+ 42. Kg2 Kxf6 43. Qa5 Qd5+ 44. Kg3 Kg5 45. a4 Qe5+ 46. Kg2 Qe4+ 47. Kg3 Qd3+ 48. Kg2 Qc2+ 49. Kg3 Qb3+ 50. Kf2 Qxa4 51. Qd8+ Kh5 52. Qd5+ Kh4 53. Qd8+ Kxh3 54. Qd3+ Kg4 55. Qf3+ Kg5 56. Qd5+ Kg6 57. Qc6+ f6 58. Qg2+ Kh6 59. Qh1+ Kg5 60. Qd5+ f5 61. Qd8+ Kg4 62. Qg8+ Kf4 63. Qg3+ Ke4 64. Qh4+ f4 65. Qe7+ Kd4 66. Qf6+ Kd3 67. Qf5+ Kc3 68. Qh3+ Kb2 69. Ke1 Qe4+ 70. Kf1 f3 71. Qh2+ Qe2+ 0-1

[Event "45th FIDE Womens Olympiad 2024"]
[Site "Budapest"]
[Date "2024.09.13"]
[Round "3.68"]
[White "Bensdorp-De Labaca, Marlies"]
[Black "Narva, Triin"]
[Result "1-0"]
[ECO "D22"]
[WhiteElo "2241"]
[BlackElo "2066"]
[Annotator "RC"]
[PlyCount "185"]
[EventDate "2024.09.05"]
[EventType "team-tourn"]
[EventCountry "HUN"]
[SourceTitle "playchess.com"]
[Source "ChessBase"]
[SourceQuality "1"]
[WhiteTeam "Netherlands"]
[BlackTeam "Estonia"]
[WhiteTeamCountry "NED"]
[BlackTeamCountry "EST"]
[TimeControl "40/5400+30:1800+30"]

1. d4 d5 2. c4 dxc4 3. Nf3 a6 4. e3 Bg4 5. Bxc4 e6 6. O-O Nf6 7. b3 Be7 8. Bb2 O-O 9. Nbd2 Nc6 10. Be2 Nd5 11. Rc1 Qe8 12. Ne4 b6 13. a3 Bf5 14. Nfd2 Ra7 15. b4 Nb8 16. Re1 Kh8 17. Qb3 Bg6 18. Bf3 Nd7 19. Ng3 N5f6 20. e4 Ng8 21. Nc4 Bg5 22. Rcd1 Ne7 23. d5 Nc8 24. Bg4 b5 25. Na5 Ndb6 26. dxe6 Nd6 27. Nf5 Rg8 28. Nxd6 cxd6 29. Rxd6 Qb8 30. Be5 f6 31. Nc6 Qb7 32. Nxa7 fxe5 33. Nc6 Nc4 34. Qd3 Nxd6 35. Qxd6 Be8 36. Nxe5 h5 37. Bf5 g6 38. Nf7+ Bxf7 39. exf7 Qxf7 40. Be6 Qf6 41. e5 Rd8 42. Qb6 Qf4 43. Bb3 Qd2 44. Rf1 Qd3 45. f4 Rf8 46. Qc5 Kg7 47. Bc2 Qe2 48. g3 h4 49. Rd1 Qg4 50. Qc6 Bxf4 51. Qd7+ Qxd7 52. Rxd7+ Kh6 53. gxf4 Rxf4 54. e6 Rg4+ 55. Kf1 Rg5 56. Rf7 Re5 57. Rf6 Kg5 58. Rxg6+ Kf4 59. Kf2 h3 60. Rf6+ Kg4 61. Bd1+ Kg5 62. Rf3 Rxe6 63. Rxh3 Rd6 64. Be2 Rc6 65. Rg3+ Kh6 66. h4 Rf6+ 67. Ke3 Re6+ 68. Kd3 Rd6+ 69. Kc3 Re6 70. Bg4 Rf6 71. Kd4 Rc6 72. Re3 Rc4+ 73. Kd5 Rxg4 74. Re6+ Kh5 75. Rxa6 Rc4 76. Rc6 Rxh4 77. Kc5 Rh3 78. Ra6 Kg5 79. Kxb5 Kf5 80. a4 Ke5 81. Rc6 Kd5 82. a5 Rh4 83. Rc8 Rh7 84. a6 Rg7 85. Rd8+ Ke6 86. Kb6 Ke7 87. Rd5 Ke6 88. Rd1 Rg4 89. b5 Rg8 90. a7 Ke5 91. Ka6 Ke6 92. b6 Ke7 93. Kb7 1-0

[Event "45th FIDE Womens Olympiad 2024"]
[Site "Budapest"]
[Date "2024.09.13"]
[Round "3.69"]
[White "Munkhzul, Turmunkh"]
[Black "Cori T., Deysi"]
[Result "1-0"]
[ECO "B06"]
[WhiteElo "2256"]
[BlackElo "2366"]
[Annotator "RC"]
[PlyCount "129"]
[EventDate "2024.09.05"]
[EventType "team-tourn"]
[EventCountry "HUN"]
[SourceTitle "playchess.com"]
[Source "ChessBase"]
[SourceQuality "1"]
[WhiteTeam "Mongolia"]
[BlackTeam "Peru"]
[WhiteTeamCountry "MGL"]
[BlackTeamCountry "PER"]
[TimeControl "40/5400+30:1800+30"]

1. e4 g6 2. d4 Bg7 3. Nc3 a6 4. a4 d6 5. Nf3 b6 6. Bc4 e6 7. Bg5 Ne7 8. Qd2 h6 9. Be3 Nd7 10. O-O Bb7 11. Rfe1 g5 12. h3 c6 13. Bd3 c5 14. Rad1 O-O 15. Bf1 Nf6 16. Bd3 c4 17. Bxc4 Nxe4 18. Nxe4 Bxe4 19. Qe2 Qd7 20. b3 Rfc8 21. Bd3 Bxd3 22. Rxd3 b5 23. Ra1 Qc6 24. c3 bxa4 25. Rxa4 Rcb8 26. Ra3 Rb5 27. c4 Rb7 28. Qa2 Nf5 29. Qe2 d5 30. c5 Rb4 31. g4 Nxe3 32. Qxe3 Qb5 33. Rc3 Rc8 34. Ne5 Qb8 35. Nf3 Rc6 36. Rd3 Qb5 37. Ne1 Qb7 38. Nc2 Rb5 39. b4 Qc7 40. Qd2 Bf6 41. Rf3 Bg7 42. Kg2 Rb8 43. Qe2 Qc8 44. Ra5 Qb7 45. Rfa3 e5 46. Rxa6 exd4 47. Ra7 Qc8 48. Qe7 Qe6 49. Qxe6 fxe6 50. Rd7 Bf6 51. Kf1 Rcc8 52. Rd6 Re8 53. Ke2 Be5 54. Rc6 Bg7 55. Ra7 Kf8 56. Rcc7 Be5 57. Rd7 Ra8 58. b5 Rab8 59. Rdb7 Rbc8 60. c6 Kg8 61. Re7 Bb8 62. Rxe8+ Rxe8 63. Ra8 Kf7 64. Rxb8 Rxb8 65. c7 1-0

[Event "45th FIDE Womens Olympiad 2024"]
[Site "Budapest"]
[Date "2024.09.13"]
[Round "3.70"]
[White "Aliaga Fernandez, Ingrid Y"]
[Black "Munguntuul, Batkhuyag"]
[Result "1/2-1/2"]
[ECO "B83"]
[WhiteElo "2111"]
[BlackElo "2346"]
[Annotator "RC"]
[PlyCount "103"]
[EventDate "2024.09.05"]
[EventType "team-tourn"]
[EventCountry "HUN"]
[SourceTitle "playchess.com"]
[Source "ChessBase"]
[SourceQuality "1"]
[WhiteTeam "Peru"]
[BlackTeam "Mongolia"]
[WhiteTeamCountry "PER"]
[BlackTeamCountry "MGL"]
[TimeControl "40/5400+30:1800+30"]

1. e4 c5 2. Nf3 e6 3. d4 cxd4 4. Nxd4 Nc6 5. Nc3 d6 6. Be2 Nf6 7. Be3 Be7 8. O-O O-O 9. f4 e5 10. Nb3 exf4 11. Bxf4 Be6 12. Kh1 d5 13. exd5 Nxd5 14. Nxd5 Bxd5 15. Bf3 Bc4 16. Re1 Bf6 17. Qxd8 Raxd8 18. c3 g5 19. Bg3 Bd5 20. Rad1 Bxf3 21. gxf3 b6 22. Kg2 Kg7 23. Nd2 h5 24. Nc4 h4 25. Bf2 Kg6 26. a4 Kh5 27. h3 Ne7 28. Bd4 Nd5 29. Bxf6 Nxf6 30. Ne3 Kg6 31. Kf2 Rfe8 32. c4 a5 33. b3 Rd7 34. Rg1 Red8 35. Rxd7 Rxd7 36. f4 Ne4+ 37. Kf3 Ng3 38. Nd5 Rd6 39. fxg5 Kxg5 40. Re1 Nh5 41. Rg1+ Ng3 42. Re1 Nh5 43. Re7 Nf6 44. Re5+ Kh6 45. Nxf6 Rxf6+ 46. Kg4 Rd6 47. Rb5 Rd4+ 48. Kf3 Rd6 49. Kg4 Rd4+ 50. Kf3 Rd6 51. Kg4 Rd4+ 52. Kf3 1/2-1/2

[Event "45th FIDE Womens Olympiad 2024"]
[Site "Budapest"]
[Date "2024.09.13"]
[Round "3.71"]
[White "Khuslen, Erdenebayar"]
[Black "Contreras Huaman, Fiorella"]
[Result "0-1"]
[ECO "D15"]
[WhiteElo "2229"]
[BlackElo "2168"]
[Annotator "RC"]
[PlyCount "118"]
[EventDate "2024.09.05"]
[EventType "team-tourn"]
[EventCountry "HUN"]
[SourceTitle "playchess.com"]
[Source "ChessBase"]
[SourceQuality "1"]
[WhiteTeam "Mongolia"]
[BlackTeam "Peru"]
[WhiteTeamCountry "MGL"]
[BlackTeamCountry "PER"]
[TimeControl "40/5400+30:1800+30"]

1. d4 d5 2. c4 c6 3. Nc3 Nf6 4. Nf3 a6 5. c5 Nbd7 6. Bf4 g6 7. h3 Bg7 8. e3 O-O 9. Be2 Ne4 10. O-O Nxc3 11. bxc3 e5 12. Bh2 e4 13. Nd2 f5 14. c4 Rf7 15. cxd5 cxd5 16. Qb3 Nb8 17. Nb1 Nc6 18. Nc3 Be6 19. Rab1 Qd7 20. Na4 Rd8 21. Nb6 Qe8 22. Bf4 h6 23. Bd1 Bf8 24. Qa3 g5 25. Bh2 Rg7 26. Ba4 f4 27. Bxc6 bxc6 28. exf4 gxf4 29. Bxf4 Qg6 30. Qg3 Qh5 31. Qh2 Qxh3 32. Qxh3 Bxh3 33. Bg3 Bf5 34. Rb3 Be7 35. Be5 Rg6 36. Ra3 Bg4 37. Re1 Kf7 38. Rxa6 h5 39. Kh2 Bf6 40. Ra7+ Ke6 41. Bxf6 Kxf6 42. Rc7 Kg5 43. a4 Rf8 44. Kg1 Rgf6 45. Rf1 Be2 46. Ra1 Rxf2 47. Ra3 h4 48. Rc8 Rf1+ 49. Kh2 Rxc8 50. Nxc8 Ba6 51. Na7 Rf6 52. Kg1 Kf4 53. Kf2 Bd3 54. g3+ Kg4+ 55. Ke3 h3 56. Ra1 h2 57. Nxc6 Bf1 58. Ne5+ Kxg3 59. c6 h1=Q 0-1